 Dungeon Crawl Stone Soup version 0.30-a0-451-ge042605de7 (webtiles) character file.

Game seed: 17051689469035168460

1127 cforsyth the Trooper (level 8, 0/71 HPs)
             Began as a Minotaur Berserker on Dec 12, 2022.
             Was a Priest of Trog.
             Slain by a gnoll
             ... wielding a +0 halberd
              (4 damage)
             ... on level 5 of the Dungeon.
             The game lasted 00:09:42 (4639 turns).

cforsyth the Trooper (Minotaur Berserker)           Turns: 4639, Time: 00:09:43

Health: 0/71       AC: 10    Str: 25    XL:     8   Next: 13%
Magic:  7/7        EV: 11    Int:  4    God:    Trog [***...]
Gold:   262        SH:  2    Dex:  9    Spells: 7/7 levels left

rFire   . . .      SeeInvis .    p - +0 broad axe (venom)
rCold   + . .      Faith    .    l - +0 buckler
rNeg    . . .      Spirit   .    b - +0 scale mail
rPois   .          Reflect  .    (helmet restricted)
rElec   .          Harm     .    (no cloak)
rCorr   .          Rampage  .    j - +2 pair of gloves
Will    .....                    (no boots)
Stlth   ..........               (no amulet)
HPRegen 0.31/turn                v - ring of protection from cold
MPRegen 0.10/turn                (no ring)

@: lethally poisoned (0 -> -37), weakened
A: horns 2, retaliatory headbutt
a: Renounce Religion, Berserk, Trog's Hand


You were on level 5 of the Dungeon.
You worshipped Trog.
Trog was most pleased with you.
You visited 1 branch of the dungeon, and saw 5 of its levels.

You collected 262 gold pieces.

Inventory:

Hand Weapons
 a - a +0 hand axe
 p - a +0 broad axe of venom (weapon)
Armour
 b - a +0 scale mail (worn)
 j - a +2 pair of gloves (worn)
 l - a +0 buckler (worn)
Jewellery
 v - a ring of protection from cold (left hand)
Wands
 q - a wand of charming (7)
 r - a wand of digging (6)
Scrolls
 c - a scroll of fog
 e - a scroll of torment {unknown}
 g - a scroll of vulnerability {unknown}
 h - 2 scrolls of teleportation
 s - 2 scrolls of brand weapon
Potions
 d - a potion of mutation
 f - 2 potions of heal wounds
 i - a potion of flight {unknown}
 o - a potion of haste {unknown}
 u - a potion of curing {unknown}


   Skills:
 + Level 6.8 Fighting
 + Level 6.8 Axes
 + Level 6.2 Armour
 + Level 5.5 Dodging


You had 7 spell levels left.
You didn't know any spells.
Your spell library was empty.

Dungeon Overview and Level Annotations

Branches:
Dungeon (5/15)             Temple (0/1) D:4

Altars:
Elyvilon

Annotations:
D:5 billz999's ghost, novice GnWn


Innate Abilities, Weirdness & Mutations

You have a pair of horns on your head.
You reflexively headbutt those who attack you in melee.


Message History

You slash the gnoll!
The gnoll looks as sick as possible!
The gnoll is almost dead.
You kill the gnoll!
Trog accepts your kill. You block the gnoll's attack.
The gnoll hits you but does no damage.
The gnoll sergeant hits you from afar with the +8 trident of Recklessness {venom, +Blink rF+ rC+ Int+2}.
You are poisoned.
The gnoll barely misses you. You furiously retaliate!
You headbutt the gnoll!
You kill the gnoll!
Trog accepts your kill.
You see here a +0 flail.
You feel very sick. The gnoll hits you with a +0 halberd.
You block the gnoll's attack.
There is a transporter here.
You hit the gnoll.
The gnoll is poisoned.
The gnoll is lightly wounded.
You feel sick.
The gnoll sergeant hits you from afar with the +8 trident of Recklessness {venom, +Blink rF+ rC+ Int+2}.
You are more poisoned.
The gnoll misses you. The gnoll completely misses you.
The gnoll bouda gazes fiercely through you!
You feel your attacks grow feeble.
The gnoll sergeant hits you from afar with the +8 trident of Recklessness {venom, +Blink rF+ rC+ Int+2}!
You are more poisoned.
You closely miss the gnoll. You headbutt the gnoll.
The gnoll is severely wounded.
You feel extremely sick. The gnoll hits you with a +0 halberd!
The gnoll hits you from afar with a +1 halberd of venom!
* * * LOW HITPOINT WARNING * * *
You are more poisoned.
The gnoll sergeant hits you from afar with the +8 trident of Recklessness {venom, +Blink rF+ rC+ Int+2}.
* * * LOW HITPOINT WARNING * * *
Unknown command.
Unknown command.
You enter the transporter and appear at another place.
* * * LOW HITPOINT WARNING * * *
You feel extremely sick.
The gnoll is no longer moving quickly.
The gnoll hits you with a +0 halberd.
You die...

###.##.......≈≈##.###g###.##≈≈..#
.....#..##.#.≈≈#..........g#≈≈..#
###..#..##...≈≈###.##'##.###≈≈.##
# #..#.(####.≈≈..#.#...#.#..≈≈.#
# #..#..# #.≈≈.##.'...'.##.≈≈.#
###..#..# #.≈≈.#..#...#.g#.≈≈.#
.....#..# #.≈≈.##.##.##.##.≈≈.##
###..#..####.≈≈..#.#...#.#......#
###........#.~~.@#gggg.'.#©.....#
.............≈≈g.#g#8⌠8#.#.......
####.#...###.≈≈.##)#####.##.≈≈...
.....##..# #.≈≈.#©.#.:.#..#.≈≈...
#######..# #.≈≈.##.#...#.##.≈≈.##
#..# #.≈≈..#g#...#.#..≈≈.# #..#
#.≈≈###.##'##.###≈≈.# ##..#
#.≈≈#........g..#≈≈.# #...#
#.≈≈##.###g###g##≈≈.##


You could see a gnoll sergeant (swift), a gnoll bouda and 4 gnolls.

Vanquished Creatures
  The ghost of NinjaNoafa the Digger, an amateur GrEE of Vehumet (D:4)
  Duvessa (D:5)
  A black bear (D:4)
  An ogre (D:4)
  A centaur (D:5)
  Blork the orc (D:5)
  3 scorpions
  Dowan (D:5)
  A howler monkey (D:5)
  3 iguanas
  2 gnolls (D:5)
  7 adders
  A white imp (D:5)
  A worm (D:2)
  4 dart slugs
  5 orcs
  6 bats
  3 endoplasms
  6 giant cockroaches
  11 hobgoblins
  13 jackals
  10 kobolds
  4 quokkas
  8 ball pythons
  A frilled lizard (D:2)
  7 goblins
  5 rats
108 creatures vanquished.

Vanquished Creatures (others)
  6 plants (D:5)
6 creatures vanquished.

Grand Total: 114 creatures vanquished

Notes
Turn   | Place    | Note
-------+----------+-------------------------------------------
     0 | D:1      | cforsyth the Minotaur Berserker began the quest for the
                  | Orb.
     0 | D:1      | Reached XP level 1. HP: 19/19 MP: 0/0
   143 | D:1      | Reached XP level 2. HP: 27/27 MP: 1/1
   556 | D:1      | Reached XP level 3. HP: 28/33 MP: 2/2
   590 | D:1      | Reached ** piety under Trog
   917 | D:2      | Found a faded altar of an unknown god.
  1618 | D:2      | Reached XP level 4. HP: 40/40 MP: 3/3
  2195 | D:3      | Reached *** piety under Trog
  2660 | D:4      | Noticed a scorpion
  2663 | D:4      | Killed a scorpion
  2664 | D:4      | Reached XP level 5. HP: 47/47 MP: 4/4
  2793 | D:4      | Reached skill level 5 in Fighting
  2863 | D:4      | Found a staircase to the Ecumenical Temple.
  2932 | D:4      | Reached skill level 5 in Axes
  2976 | D:4      | Noticed an ogre
  2983 | D:4      | Killed an ogre
  2984 | D:4      | Reached XP level 6. HP: 46/56 MP: 5/5
  3087 | D:4      | HP: 4/84 [black bear (3)]
  3488 | D:4      | Reached skill level 5 in Armour
  3664 | D:4      | Found a runed translucent door.
  3669 | D:4      | Noticed NinjaNoafa's ghost (amateur GrEE)
  3720 | D:4      | Killed NinjaNoafa's ghost
  3721 | D:4      | Reached XP level 7. HP: 63/63 MP: 6/6
  3765 | D:5      | Entered Level 5 of the Dungeon
  3841 | D:5      | Found a transporter.
  3846 | D:5      | Found a white marble altar of Elyvilon.
  3927 | D:5      | Noticed Blork the orc
  3933 | D:5      | Killed Blork the orc
  3934 | D:5      | Reached skill level 5 in Dodging
  3979 | D:5      | Noticed Duvessa
  3987 | D:5      | Killed Duvessa
  3991 | D:5      | Noticed Dowan
  4000 | D:5      | Killed Dowan
  4214 | D:5      | Found a transporter.
  4216 | D:5      | Reached XP level 8. HP: 71/71 MP: 7/7
  4218 | D:5      | Noticed billz999's ghost (novice GnWn)
  4225 | D:5      | Identified the amulet "Birphu" {Faith rC- rN++ MP+9 Str+3}
  4433 | D:5      | Identified the +8 trident of Recklessness {venom, +Blink
                  | rF+ rC+ Int+2}
  4639 | D:5      | Slain by a gnoll

Illustrated notes

Levels and vault maps discovered:
D:1:      shiori_shiawase, layout_loops_ring
D:2:      layout_loops_corners, hellmonk_ecumenical_altar_heavens_door,
          nicolae_elevator_lobby_asterisk
D:3:      layout_loops_corners
D:4:      layout_loops_ring, minmay_temple_entry_stoned_glass,
          gammafunk_ghost_grave
D:5:      layout_loops_ring, mainiacjoe_overflow_tiny_flanked,
          gammafunk_ghost_gnarly_gnolls, kennysheep_doodads,
          minmay_crystal_room, uniq_duvessa, uniq_blork_the_orc

Skill      XL: |  1  2  3  4  5  6  7 |
---------------+----------------------+-----
Fighting       | 4 5 6 |  6.8
Axes           | 4 5 6 |  6.8
Armour         | 3 4 5 6 |  6.2
Dodging        | 3 4 5 |  5.5

Action                   |  1- 3 |  4- 6 |  7- 9 || total
-------------------------+-------+-------+-------++-------
Melee: Hand axe          |   105 |    47 |       ||   152
       Headbutt          |    17 |    13 |     7 ||    37
       Broad axe         |       |    69 |    42 ||   111
Invok: Berserk           |       |     3 |       ||     3
  Use: Scroll            |       |       |    11 ||    11
Armor: Animal skin       |     4 |       |       ||     4
       Scale mail        |    25 |    63 |    22 ||   110
Dodge: Dodged            |    65 |    68 |    30 ||   163
Block: Buckler           |     2 |    12 |     5 ||    19

Table legend: (Time is in decaauts)
 A = Elapsed time spent in this place.
 B = Non-inter-level travel time spent in this place.
 C = Inter-level travel time spent in this place.
 D = Time resting spent in this place.
 E = Time spent auto-exploring this place.
 F = Levels seen in this place.
 G = Mean time per level.
                   A        B        C        D        E       F      G
               +--------+--------+--------+--------+--------+-----+--------+
         Total |   4728 |   4610 |    118 |    135 |   3638 |   5 |  945.6 |
       Dungeon |   4728 |   4610 |    118 |    135 |   3638 |   5 |  945.6 |
               +--------+--------+--------+--------+--------+-----+--------+

Top non-repeatable levels by time:
     D:4: 1192 daAuts
     D:2: 921 daAuts
     D:1: 891 daAuts
     D:3: 862 daAuts
     D:5: 859 daAuts
